AoeStats
← 2204528

African Clearing

510819706Analyzed
4v4 RM · 20h ago on Oct 2, 2026· 33m 6s· 8 players
Game mode
Random Map
Map size
Large (8 player)
Population
200
Speed
Normal
Resources
Standard
Victory
Conquest
Starting age
Dark Age
Ending age
Imperial Age
RankedLock teamsTeams togetherTeam positionsShared explorationLock speedFull tech treeHidden civsTurbo modeCheats
Victory
Defeat
1136
+16
🇰🇬 Saxons · Kyrgyzstan
1130
+16
🇬🇧 Franks · United Kingdom
1102
+17
🇨🇭 Varangians · Switzerland
1095
+17
🇳🇴 Vikings · Norway
1149
-17
🇵🇪 Vietnamese · Peru
1140
-17
🇨🇳 Jurchens · China
1130
-17
🇭🇰 Huns · Hong Kong SAR China
1080
-15
How Do You Turn This Off
9:25 Loom
12:37 Feudal Age
14:03 Double-Bit Axe
18:49 Scale Barding Armor
18:54 Forging
25:20 Castle Age
25:59 Pikeman
29:32 Bow Saw
29:41 Gold Mining
30:12 Husbandry
31:02 Chain Barding Armor
33:13 Iron Casting
orb.blue
3:41 Loom
14:51 Feudal Age
17:17 Wheelbarrow
19:07 Castle Age
18:05 Horse Collar
19:25 Stone Mining
21:29 Hand Cart
22:09 Double-Bit Axe
23:31 Town Watch
25:39 Gold Mining
26:42 Bloodlines
29:33 Scale Barding Armor
30:08 Forging
31:18 Chain Barding Armor
31:38 Heavy Plow
32:06 Bow Saw
32:00 Husbandry
33:33 Iron Casting
follow the white rabbit Δ
12:57 Fishing Lines
13:11 Double-Bit Axe
14:16 Horse Collar
14:37 Loom
17:54 Feudal Age
18:47 Bow Saw
24:04 Castle Age
23:40 Stone Mining
24:00 Town Watch
25:23 Stone Shaft Mining
Te0n
7:39 Loom
14:55 Feudal Age
19:11 Castle Age
17:00 Double-Bit Axe
17:47 Scale Mail Armor
19:14 Forging
20:30 Chain Mail Armor
20:50 Iron Casting
21:38 Bow Saw
22:40 Gold Mining
24:08 Fletching
24:50 Stone Mining
27:03 Bodkin Arrow
27:55 Horse Collar
32:43 Gold Shaft Mining
32:34 Heavy Plow
lamjeremy
14:01 Feudal Age
14:42 Double-Bit Axe
18:34 Castle Age
18:39 Forging
20:28 Loom
22:32 Fishing Lines
23:17 Bow Saw
24:20 Gillnets
28:05 Horse Collar
29:17 Wheelbarrow
28:29 Town Watch
29:26 Heavy Plow
30:29 Fletching
32:13 Bodkin Arrow
32:31 Bloodlines
32:21 Husbandry
Gin
4:55 Loom
13:19 Feudal Age
27:53 Forging
DSLG | Shamer
3:41 Loom
15:36 Feudal Age
20:04 Castle Age
18:58 Scale Barding Armor
19:04 Forging
19:10 Bloodlines
19:50 Gold Mining
19:51 Stone Mining
19:48 Double-Bit Axe
19:48 Horse Collar
2204528
13:16 Feudal Age
13:23 Man-at-Arms
22:03 Double-Bit Axe
22:17 Horse Collar
Connection lost

Rejoining the realm…

Still unreachable

The connection could not be restored.

Session expired

The server has moved on; the page needs a fresh start.